SAA
WESTWOOD SIXSHOOTERS @ YAKIMA HOPS
08/11/2028
 
TOP OF THE 1ST
Westwood Sixshooters batting - Pitching for Yakima Hops : LHP Emílio Mavarro
Pitching: LHP Emílio Mavarro
Batting: LHB António Quintero 0-0: Ball
1-0: Foul Ball, location: 2F
1-1: Foul Ball, location: 2F
1-2: Strikes out swinging
Batting: LHB Juan Romero 0-0: Called Strike
0-1: Foul Ball, location: 2F
0-2: Ball
1-2: Strikes out swinging
Batting: RHB Steve Bock 0-0: Ball
1-0: Fly out, F6 (Flyball, 6MD)
Top of the 1st over - 0 run(s), 0 hit(s), 0 error(s), 0 left on base; Westwood 0 - Yakima 0
BOTTOM OF THE 1ST
Yakima Hops batting - Pitching for Westwood Sixshooters : RHP Will Moore
Pitching: RHP Will Moore
Batting: LHB Pedro Tapia 0-0: Foul Ball, location: 2F
0-1: Ball
1-1: Swinging Strike
1-2: Fly out, F7 (Line Drive, 7S)
Batting: LHB Bob Maher 0-0: Ball
1-0: Foul Ball, location: 2F
1-1: Ground out 6-3 (Groundball, 56)
Batting: RHB Jud Regan 0-0: SINGLE (Line Drive, 6D)
Batting: LHB Lloyd Kent 0-0: Called Strike
0-1: Foul Ball, location: 2F
0-2: Strikes out swinging
Bottom of the 1st over - 0 run(s), 1 hit(s), 0 error(s), 1 left on base; Westwood 0 - Yakima 0
TOP OF THE 2ND
Westwood Sixshooters batting - Pitching for Yakima Hops : LHP Emílio Mavarro
Batting: LHB Mitchell Cusimano 0-0: Ball
1-0: Foul Ball, location: 2F
1-1: Foul Ball, location: 2F
1-2: Ball
2-2: Foul Ball, location: 2F
2-2: Foul Ball, location: 2F
2-2: Strikes out swinging
Batting: RHB Alonso Zamora 0-0: Ball
1-0: SINGLE (Line Drive, 89S)
Batting: LHB Lorenzo Díaz 0-0: Ball
1-0: Foul Ball, location: 2F
1-1: Ball
2-1: Ball
3-1: Foul Ball, location: 2F
3-2: Strikes out swinging
Batting: LHB Phil Minor 0-0: Ball
1-0: Ball
2-0: Ball
3-0: Called Strike
3-1: Foul Ball, location: 2F
3-2: Base on Balls
Alonso Zamora to second
Batting: RHB Alberto Lastaneda 0-0: Ball
1-0: Ball
2-0: Ball
3-0: Base on Balls
Alonso Zamora to third
Phil Minor to second
Batting: RHB Edgar González 0-0: Fielders Choice at 2nd, 6-4 (Groundball, 6)
Top of the 2nd over - 0 run(s), 1 hit(s), 0 error(s), 2 left on base; Westwood 0 - Yakima 0
BOTTOM OF THE 2ND
Yakima Hops batting - Pitching for Westwood Sixshooters : RHP Will Moore
Batting: SHB José Ángel 0-0: Called Strike
0-1: Fly out, F7 (Flyball, 7LM)
Batting: SHB Marlon Webster 0-0: Foul Ball, location: 2F
0-1: Ball
1-1: Ball
2-1: Foul Ball, location: 2F
2-2: Foul Ball, location: 2F
2-2: Strikes out looking
Batting: RHB Xavier Gama 0-0: Foul Ball, location: 2F
0-1: Ball
1-1: Ball
2-1: Ball
3-1: Called Strike
3-2: Foul Ball, location: 2F
3-2: Foul Ball, location: 2F
3-2: Ground out 1-3 (Groundball, 15S)
Bottom of the 2nd over - 0 run(s), 0 hit(s), 0 error(s), 0 left on base; Westwood 0 - Yakima 0
TOP OF THE 3RD
Westwood Sixshooters batting - Pitching for Yakima Hops : LHP Emílio Mavarro
Batting: LHB António Quintero 0-0: Foul Ball, location: 2F
0-1: Ball
1-1: Ball
2-1: Swinging Strike
2-2: Ball
3-2: Foul Ball, location: 2F
3-2: Foul Ball, location: 2F
3-2: Base on Balls
Batting: LHB Juan Romero 0-0: Ball
1-0: Called Strike
1-1: Ball
2-1: Fly out, F7 (Flyball, 7LSF)
Batting: RHB Steve Bock 0-0: Ball
1-0: Ball
António Quintero is caught stealing 2nd base
2-0: Ground out 6-3 (Groundball, 6)
Top of the 3rd over - 0 run(s), 0 hit(s), 0 error(s), 0 left on base; Westwood 0 - Yakima 0
BOTTOM OF THE 3RD
Yakima Hops batting - Pitching for Westwood Sixshooters : RHP Will Moore
Batting: SHB Adam Staats 0-0: Called Strike
0-1: Foul Ball, location: 2F
0-2: Fly out, F7 (Flyball, 7S)
Batting: RHB Luis Rodríguez 0-0: Ball
1-0: Ball
2-0: Ball
3-0: Called Strike
3-1: Base on Balls
Batting: LHB Pedro Tapia 0-0: Fly out, F8 (Line Drive, 8RD)
Runner from 1st tags up, SAFE at 2nd
Batting: LHB Bob Maher 0-0: Ball
1-0: Ball
2-0: Called Strike
2-1: Ball
3-1: Base on Balls
Batting: RHB Jud Regan 0-0: Ball
1-0: Fly out, F3 (Line Drive, 3S)
Bottom of the 3rd over - 0 run(s), 0 hit(s), 0 error(s), 2 left on base; Westwood 0 - Yakima 0
TOP OF THE 4TH
Westwood Sixshooters batting - Pitching for Yakima Hops : LHP Emílio Mavarro
Batting: LHB Mitchell Cusimano 0-0: Called Strike
0-1: Called Strike
0-2: Ball
1-2: Strikes out looking
Batting: RHB Alonso Zamora 0-0: Ball
1-0: Ball
2-0: Called Strike
2-1: Ball
3-1: Base on Balls
Batting: LHB Lorenzo Díaz 0-0: Ball
1-0: Ball
2-0: SINGLE (Line Drive, 9S)
Alonso Zamora to second
Batting: LHB Phil Minor 0-0: Foul Ball, location: 2F
0-1: Foul Ball, location: 2F
0-2: Ball
1-2: Foul Ball, location: 2F
1-2: Foul Ball, location: 2F
1-2: Fly out, F8 (Flyball, 8LM)
Batting: RHB Alberto Lastaneda 0-0: Ground out 4-3 (Groundball, 4S)
Top of the 4th over - 0 run(s), 1 hit(s), 0 error(s), 2 left on base; Westwood 0 - Yakima 0
BOTTOM OF THE 4TH
Yakima Hops batting - Pitching for Westwood Sixshooters : RHP Will Moore
Batting: LHB Lloyd Kent 0-0: Called Strike
0-1: Ball
1-1: Foul Ball, location: 2F
1-2: Ball
2-2: Foul Ball, location: 2F
2-2: Ground out 2-3 (Groundball, 2L)
Batting: SHB José Ángel 0-0: Called Strike
0-1: Ball
1-1: Ground out U3 (Groundball, 3)
Batting: SHB Marlon Webster 0-0: Swinging Strike
0-1: Swinging Strike
0-2: Foul Ball, location: 2F
0-2: Ball
1-2: Ball
2-2: Ball
3-2: SINGLE (Groundball, 4MD)
Batting: RHB Xavier Gama 0-0: Ground out 5-3 (Groundball, 5S)
Bottom of the 4th over - 0 run(s), 1 hit(s), 0 error(s), 1 left on base; Westwood 0 - Yakima 0
TOP OF THE 5TH
Westwood Sixshooters batting - Pitching for Yakima Hops : LHP Emílio Mavarro
Batting: RHB Edgar González 0-0: Called Strike
0-1: Ball
1-1: SINGLE (Groundball, 56D)
Batting: LHB António Quintero 0-0: Bunted foul
0-1: Bunted foul
0-2: Fielders Choice at 2nd, 4-6 (Groundball, 4)
Batting: LHB Juan Romero 0-0: Foul Ball, location: 2F
0-1: Ball
1-1: Foul Ball, location: 2F
1-2: Foul Ball, location: 2F
1-2: Ball
António Quintero is caught stealing 2nd base
2-2: Fly out, F8 (Flyball, 8RS)
Top of the 5th over - 0 run(s), 1 hit(s), 0 error(s), 0 left on base; Westwood 0 - Yakima 0
BOTTOM OF THE 5TH
Yakima Hops batting - Pitching for Westwood Sixshooters : RHP Will Moore
Batting: SHB Adam Staats 0-0: Ball
1-0: Ball
2-0: Ground out 3-1 (Groundball, 34)
Batting: RHB Luis Rodríguez 0-0: Called Strike
0-1: Swinging Strike
0-2: Strikes out swinging
Batting: LHB Pedro Tapia 0-0: Ball
1-0: Ball
2-0: Ball
3-0: Base on Balls
Batting: LHB Bob Maher 0-0: Ball
1-0: SINGLE (Flyball, 7S)
Pedro Tapia to second
Batting: RHB Jud Regan 0-0: Ball
1-0: Ball
2-0: Ball
3-0: Called Strike
3-1: SINGLE (Line Drive, 4M)
Pedro Tapia to third
Bob Maher to second
Runner from 3rd tries for Home, SAFE, no throw
Batting: LHB Lloyd Kent 0-0: Swinging Strike
0-1: Ball
1-1: Called Strike
1-2: DOUBLE (Flyball, 78M)
Bob Maher scores
Jud Regan to third
Runner from 3rd tries for Home, SAFE, no throw
Batting: SHB José Ángel 0-0: Intentional Walk
Batting: SHB Marlon Webster 0-0: Ball
1-0: Foul Ball, location: 2F
1-1: Ground out 3-1 (Groundball, 34)
Bottom of the 5th over - 3 run(s), 3 hit(s), 0 error(s), 2 left on base; Westwood 0 - Yakima 3
TOP OF THE 6TH
Westwood Sixshooters batting - Pitching for Yakima Hops : LHP Emílio Mavarro
Batting: RHB Steve Bock 0-0: Called Strike
0-1: Ball
1-1: Fly out, F8 (Flyball, 8RM)
Batting: LHB Mitchell Cusimano 0-0: Ball
1-0: Called Strike
1-1: Foul Ball, location: 2F
1-2: Ball
2-2: Foul Ball, location: 2F
2-2: Strikes out swinging
Batting: RHB Alonso Zamora 0-0: Ball
1-0: Ground out 4-3 (Groundball, 4)
Top of the 6th over - 0 run(s), 0 hit(s), 0 error(s), 0 left on base; Westwood 0 - Yakima 3
BOTTOM OF THE 6TH
Yakima Hops batting - Pitching for Westwood Sixshooters : RHP Will Moore
Batting: RHB Xavier Gama 0-0: Ball
1-0: Foul Ball, location: 2F
1-1: SINGLE (Line Drive, 8LS)
Batting: SHB Adam Staats 0-0: Bunted foul
0-1: Bunt missed!
0-2: Fielders Choice at 2nd, 4-6 (Groundball, 34)
Batting: RHB Luis Rodríguez 0-0: Fielders Choice at 2nd, 5-4 (Groundball, 56)
Batting: LHB Pedro Tapia 0-0: Foul Ball, location: 2F
0-1: Ball
1-1: Ball
Luis Rodríguez steals 2nd base
2-1: Called Strike
2-2: Ball
3-2: Foul Ball, location: 2F
3-2: Foul Ball, location: 2F
3-2: Foul Ball, location: 2F
3-2: Foul Ball, location: 2F
3-2: Reached on error, E5 (Groundball, 5L)
Luis Rodríguez to third
Batting: LHB Bob Maher 0-0: Ball
1-0: Ball
2-0: Ball
3-0: Base on Balls
Pedro Tapia to second
Batting: RHB Jud Regan 0-0: Ball
1-0: Ball
2-0: Ball
3-0: Called Strike
3-1: Called Strike
3-2: Foul Ball, location: 2F
3-2: Base on Balls
Luis Rodríguez scores
Pedro Tapia to third
Bob Maher to second
Pitching: RHP Bru Sotelo
Batting: LHB Lloyd Kent 0-0: Ball
1-0: Ball
2-0: Ground out 1-3 (Groundball, 15)
Bottom of the 6th over - 1 run(s), 1 hit(s), 1 error(s), 3 left on base; Westwood 0 - Yakima 4
TOP OF THE 7TH
Westwood Sixshooters batting - Pitching for Yakima Hops : LHP Emílio Mavarro
Pitching: LHP Israel Arant
Batting: LHB Lorenzo Díaz 0-0: Ball
1-0: Foul Ball, location: 2F
1-1: Swinging Strike
1-2: Strikes out looking
Batting: LHB Phil Minor 0-0: Swinging Strike
0-1: Ball
1-1: Ball
2-1: Called Strike
2-2: Foul Ball, location: 2F
2-2: Ball
3-2: Base on Balls
Batting: RHB Alberto Lastaneda 0-0: Ball
1-0: Ball
2-0: Called Strike
2-1: DOUBLE (Line Drive, 9LM)
Phil Minor to third
Batting: RHB Edgar González 0-0: Called Strike
0-1: DOUBLE (Line Drive, 7)
Phil Minor scores
Alberto Lastaneda scores
Pitching: RHP Chris Lynskey
Batting: LHB António Quintero 0-0: Called Strike
0-1: Ball
1-1: Ball
2-1: Ball
3-1: Foul Ball, location: 2F
3-2: Base on Balls
Pinch Runner at 2nd Manny Flores:
Pinch Hitting: LHB José Martínez 0-0: Ball
1-0: Called Strike
1-1: Ball
2-1: Foul Ball, location: 2F
2-2: Ball
3-2: Foul Ball, location: 2F
3-2: Base on Balls
Manny Flores to third
António Quintero to second
Batting: RHB Steve Bock 0-0: Foul Ball, location: 2F
0-1: Called Strike
0-2: Ball
1-2: Ball
2-2: Ball
3-2: Base on Balls
Manny Flores scores
António Quintero to third
José Martínez to second
Batting: LHB Mitchell Cusimano 0-0: Ball
1-0: Foul Ball, location: 2F
1-1: Grounds into double play, 4-2-3 (Groundball, 34)
Top of the 7th over - 3 run(s), 2 hit(s), 0 error(s), 2 left on base; Westwood 3 - Yakima 4
BOTTOM OF THE 7TH
Yakima Hops batting - Pitching for Westwood Sixshooters : RHP Bru Sotelo
Now in CF: Nick Hoskins
Now in RF: José Martínez
Batting: SHB José Ángel 0-0: Called Strike
0-1: Ball
1-1: Foul Ball, location: 2F
1-2: Strikes out looking
Batting: SHB Marlon Webster 0-0: Fly out, F3 (Line Drive, 34)
Batting: RHB Xavier Gama 0-0: Ball
1-0: Ball
2-0: Ball
3-0: Base on Balls
Pinch Hitting: RHB Thom Reppond 0-0: Ball
1-0: Ball
2-0: Swinging Strike
2-1: Foul Ball, location: 2F
2-2: Ball
3-2: Strikes out looking
Bottom of the 7th over - 0 run(s), 0 hit(s), 0 error(s), 1 left on base; Westwood 3 - Yakima 4
TOP OF THE 8TH
Westwood Sixshooters batting - Pitching for Yakima Hops : RHP Chris Lynskey
Pitching: RHP Pieter Spitsbaard
Now at 2B: Mario Salazar
Batting: RHB Alonso Zamora 0-0: Swinging Strike
0-1: Foul Ball, location: 2F
0-2: Strikes out swinging
Batting: LHB Lorenzo Díaz 0-0: Called Strike
0-1: Ball
1-1: Ball
2-1: Foul Ball, location: 2F
2-2: Ball
3-2: Base on Balls
Batting: LHB Phil Minor 0-0: Ground out 5-3 (Groundball, 56S)
Lorenzo Díaz to second
Pinch Hitting: RHB Chris Corella 0-0: Called Strike
0-1: Swinging Strike
0-2: Ball
1-2: Ball
2-2: Strikes out looking
Top of the 8th over - 0 run(s), 0 hit(s), 0 error(s), 1 left on base; Westwood 3 - Yakima 4
BOTTOM OF THE 8TH
Yakima Hops batting - Pitching for Westwood Sixshooters : RHP Bru Sotelo
Now in LF: Jim Schlossnagle
Batting: RHB Luis Rodríguez 0-0: Ball
1-0: Ball
2-0: Ball
3-0: Called Strike
3-1: Base on Balls
Batting: LHB Pedro Tapia 0-0: Foul Ball, location: 2F
0-1: Ball
1-1: Ball
2-1: Foul Ball, location: 2F
2-2: Ball
3-2: Foul Ball, location: 2F
3-2: Fielders Choice at 2nd, 4-6 (Groundball, 4)
Batting: LHB Bob Maher 0-0: Ball
1-0: Called Strike
1-1: Ball
2-1: Fly out, F8 (Flyball, 8RM)
Pinch Hitting: LHB Jean Tannen 0-0: Called Strike
0-1: Called Strike
Pedro Tapia steals 2nd base
0-2: Foul Ball, location: 2F
0-2: Foul Ball, location: 2F
0-2: Ball
1-2: SINGLE (Flyball, 8LM)
Pedro Tapia to third
Runner from 3rd tries for Home, SAFE, no throw
Batting: LHB Lloyd Kent 0-0: Ball
1-0: Swinging Strike
1-1: Ball
2-1: Swinging Strike
2-2: Fly out, F4 (Popup, 34D)
Bottom of the 8th over - 1 run(s), 1 hit(s), 0 error(s), 1 left on base; Westwood 3 - Yakima 5
TOP OF THE 9TH
Westwood Sixshooters batting - Pitching for Yakima Hops : RHP Pieter Spitsbaard
Pitching: RHP Mark Poirer
Now in RF: Jean Tannen
Batting: RHB Nick Hoskins 0-0: Ground out 6-3 (Groundball, 6)
Batting: LHB António Quintero 0-0: Called Strike
0-1: Ball
1-1: Ground out 4-3 (Groundball, 4)
Batting: LHB José Martínez 0-0: SINGLE (Line Drive, 7S)
Pinch Runner at 1st Carlos Cruz:
Batting: RHB Steve Bock 0-0: Ball
1-0: Foul Ball, location: 2F
1-1: Ball
2-1: Called Strike
2-2: Fly out, F7 (Flyball, 78M)
Top of the 9th over - 0 run(s), 1 hit(s), 0 error(s), 1 left on base; Westwood 3 - Yakima 5
Thursday, August 24th, 2017 - OOTP Baseball 17.12 Build 75